Bacon, lawful male dwarven Archeologist -------------------------- |>....%.....^^^^^^^^^^^^.| |.......----------------.| -------.------ |.| |...........| |.| |.`.``...`.`| |.| --------.----| |.| |............| |.| |...`........| |.| -----.-------- ------|.| |..`.`.`...| --|.....|.| |.....`....| |.+.....|.| |.`.`m..`.-- |-|.....|.| -------.---- |.+.....+.| |..`.....| |-|.....|-- |`.......| |.+.....| |...------ --|.....| ----- ------- Bacon the Investigator Experience level: 6 Strength: 15 Dexterity: 9 Constitution: 15 Intelligence: 14 Wisdom: 15 Charisma: 10 Health: 0(41) Energy: 10(10) Def: 5 Gold: 899 Moves: 4549 Dungeon seed: 0eefjqP78e0aLZC3 Game ID: Bacon_1511969540 Your Inventory: Coins $ - 899 gold pieces Weapons a - a +2 bullwhip (weapon in hand) o - a +0 scimitar T - a +0 dart Armor e - an uncursed +0 cloak of invisibility (being worn) n - an uncursed +0 fedora (being worn) y - an uncursed +0 studded leather armor (being worn) z - an uncursed +0 pair of leather gloves (being worn) Comestibles b - 8 uncursed food rations l - an uncursed carrot m - 2 uncursed fortune cookies u - an uncursed banana x - an uncursed tin of spinach C - an uncursed egg Z - an uncursed slime mold Scrolls J - a blessed scroll of blank paper K - a cursed scroll of blank paper L - an uncursed scroll of blank paper Q - 2 uncursed scrolls of earth Potions E - an uncursed potion of object detection Rings i - an uncursed ring of see invisible s - a cursed ring of aggravate monster A - a cursed -2 ring of increase damage I - an uncursed ring of stealth S - an uncursed +1 ring of gain strength Wands g - a wand of lightning (0:0) t - a wand of create monster (0:10) D - a wand of teleportation (0:4) N - a wand of probing (0:7) X - a wand of speed monster (0:2) Tools c - a rusty +0 pick-axe (alternate weapon; not wielded) d - a tinning kit (0:34) f - an uncursed sack B - a cursed lock pick H - an uncursed skeleton key R - an uncursed blindfold Gems q - an uncursed touchstone (in quiver) Spells and supernatural/magical abilities: Name Level Category Fail Memory W - pray for help -- divine ? -- Your skills at the end: Fighting Skills Weapon Skills pick-axe [Skilled] whip [Basic] Spellcasting Skills Final Attributes: You were piously aligned. You were telepathic. You had infravision. You were invisible. You were stealthy. You were held by a giant mimic. You were fast. You are dead. Vanquished creatures: a ghost a quivering blob 3 leprechauns a dingo a plains centaur a gnome mummy a water nymph a rock piercer a rock mole a kobold mummy a golden naga hatchling a straw golem a paper golem a floating eye a kitten 2 dwarves a homunculus 2 kobold lords a kobold shaman a hill orc 2 rothes a centipede an orc zombie 2 dwarf zombies an iguana 5 killer bees a gas spore 4 manes 3 large kobolds a hobgoblin a giant rat 2 gnome zombies 5 geckos 8 jackals 3 foxes a kobold a goblin 5 sewer rats 6 grid bugs a bat 2 lichens 3 kobold zombies 3 newts 86 creatures vanquished. Voluntary challenges: You had been an atheist until turn 4442. You used a wielded weapon 142 times, starting on turn 115. You read items or engraved 8 times, starting on turn 228. You never genocided any monsters. You never polymorphed an object. You never changed form. You used no wishes. You never split a pudding. You wrote Elbereth's name 1 time, starting on turn 228. You violated your moral code, losing 14 points of alignment, starting on turn 4111. Dungeon overview: The Dungeons of Doom: levels 1 to 8 Level 1 a long staircase Level 2 a potion shop Level 3 a fountain Level 4 an armor shop, some fountains Level 5 a fountain Level 6 some altars to Camaxtli, a fountain, a sink Level 7 many fountains Level 8 stairs to Sokoban Sokoban: levels 4 to 7 Level 4 <- You were here Level 5 Level 6 Level 7 stairs to The Dungeons of Doom History has recorded: On T:1 you entered the Dungeons of Doom to retrieve the Amulet of Yendor! On T:224 you reached level 2 of The Dungeons of Doom. On T:605 you reached level 3 of The Dungeons of Doom. On T:914 you reached level 4 of The Dungeons of Doom. On T:934 you advanced to experience level 2. On T:1294 you reached level 5 of The Dungeons of Doom. On T:1300 you advanced to experience level 3. On T:1607 you advanced to experience level 4. On T:1740 you advanced to experience level 5. On T:1898 you reached level 6 of The Dungeons of Doom. On T:2319 you reached level 7 of The Dungeons of Doom. On T:2378 you received advice from The Oracle. On T:2411 you advanced to experience level 6. On T:2597 you reached level 8 of The Dungeons of Doom. On T:2638 you reached level 4 of Sokoban. On T:3089 you reached level 3 of Sokoban. On T:3714 you reached level 2 of Sokoban. On T:4279 you reached level 1 of Sokoban. Score breakdown: Gold: 899 (10049 points) Experience: 6 levels (12456 points) Exploration: 8 levels ( 17.78%) (11965 points) Discoveries: 14 items ( 4.79%) ( 6568 points) Valuables value: (no points given unless you survive) Artifact value: 0 ( 0 points) Variety of kills: 43 monsters ( 11.29%) (10078 points) Turncount: 4549 turns (-1214 points) Survival: died (score multiplied by 80%) Total score: 39921 Latest messages: Done. You displace Rem. With great effort you move the boulder. You see here a black onyx ring. You have a little trouble lifting I - a black onyx ring. With great effort you move the boulder. (4x) You see here a killer bee corpse. With great effort you move the boulder. The boulder falls into and plugs a hole in the floor! You displace Rem. Wait! That's a giant mimic! You cannot escape from the giant mimic! (2x) The giant mimic hits! (2x) You cannot escape from the giant mimic! (3x) Rem bites the giant mimic. The giant mimic misses Rem. The giant mimic hits Rem. You cannot escape from the giant mimic! The giant mimic hits! (2x) You die... The sack is empty. The sack is empty. Final status: Goodbye Bacon the Archeologist, killed by a giant mimic... You died in Sokoban on dungeon level 4 with 39921 points, and 899 pieces of gold, after 4549 moves. You were level 6 with a maximum of 41 hit points when you died.